TOP OF THE 1ST |
Saskatoon Smokin' Guns batting - Pitching for Eau Claire Esquires : RHP Tim Horton
|
Pitching: RHP Tim Horton
|
|
Batting: RHB Júlio Durán
|
0-0: Ball 1-0: Fly out, F8 (Flyball, 8RD)
|
Batting: LHB Rubén Salazar
|
0-0: Ball 1-0: Ball 2-0: Foul Ball, location: 2F 2-1: Ground out 1-3 (Groundball, 15S)
|
Batting: RHB Juan Alvarado
|
0-0: Called Strike 0-1: Foul Ball, location: 2F 0-2: Ball 1-2: Ball 2-2: DOUBLE (Line Drive, 7LD)
|
Batting: LHB José Domínguez
|
0-0: Ball 1-0: Ball 2-0: Ball 3-0: Swinging Strike 3-1: Foul Ball, location: 2F 3-2: Base on Balls
|
Batting: RHB Lyle Johnston
|
0-0: Called Strike 0-1: Foul Ball, location: 2F 0-2: Foul Ball, location: 2F 0-2: Strikes out swinging
|
Top of the 1st over - 0 runs, 1 hit, 0 errors, 2 left on base; Saskatoon 0 - Eau Claire 0 |
BOTTOM OF THE 1ST |
Eau Claire Esquires batting - Pitching for Saskatoon Smokin' Guns : RHP Tomás Padilla
|
Pitching: RHP Tomás Padilla
|
|
Batting: RHB Júlio Pinto
|
0-0: SINGLE (Groundball, 6MD)
|
Batting: SHB José García
|
0-0: Ball 1-0: Ball 2-0: SINGLE (Groundball, 4MD) Júlio Pinto to second
|
Batting: RHB Luis Cherena
|
0-0: Called Strike 0-1: Ball 1-1: Foul Ball, location: 2F 1-2: SINGLE (Line Drive, 78S) Júlio Pinto to third José García to second
|
Batting: LHB Paul Lee
|
0-0: SINGLE (Flyball, 89S) Júlio Pinto scores José García to third Luis Cherena to second
|
Batting: LHB Steve Arnold
|
0-0: Fly out, F7 (Flyball, 7) Runner from 3rd tags up, SCORES, throw made
|
Batting: RHB Tom McBride
|
0-0: Called Strike 0-1: Fly out, F9 (Flyball, 9LMF)
|
Batting: SHB Darren Ramsey
|
0-0: Ball 1-0: Ball 2-0: Ground out 4-3 (Groundball, 4)
|
Bottom of the 1st over - 2 runs, 4 hits, 0 errors, 2 left on base; Saskatoon 0 - Eau Claire 2 |
TOP OF THE 2ND |
Saskatoon Smokin' Guns batting - Pitching for Eau Claire Esquires : RHP Tim Horton
|
Batting: RHB Luis Suárez
|
0-0: Called Strike 0-1: Foul Ball, location: 2F 0-2: Ball 1-2: Strikes out looking
|
Batting: RHB Mike Ratzlaff
|
0-0: Ball 1-0: Ball 2-0: Called Strike 2-1: Ball 3-1: Fly out, F9 (Flyball, 9S)
|
Batting: RHB Artie Turner
|
0-0: Fly out, F6 (Popup, 6M)
|
Top of the 2nd over - 0 runs, 0 hits, 0 errors, 0 left on base; Saskatoon 0 - Eau Claire 2 |
BOTTOM OF THE 2ND |
Eau Claire Esquires batting - Pitching for Saskatoon Smokin' Guns : RHP Tomás Padilla
|
Batting: RHB Glen French
|
0-0: Ground out 6-3 (Groundball, 6)
|
Batting: RHB Silas Small
|
0-0: Foul Ball, location: 2F 0-1: Swinging Strike 0-2: Foul Ball, location: 2F 0-2: Strikes out swinging
|
Batting: RHB Júlio Pinto
|
0-0: Foul Ball, location: 2F 0-1: Called Strike 0-2: Ball 1-2: Strikes out swinging
|
Bottom of the 2nd over - 0 runs, 0 hits, 0 errors, 0 left on base; Saskatoon 0 - Eau Claire 2 |
TOP OF THE 3RD |
Saskatoon Smokin' Guns batting - Pitching for Eau Claire Esquires : RHP Tim Horton
|
Batting: SHB Mathew Olson
|
0-0: Ball 1-0: Ball 2-0: Ball 3-0: Base on Balls
|
Batting: RHB Júlio Durán
|
0-0: Ball 1-0: Foul Ball, location: 2F 1-1: Ball 2-1: Ball 3-1: Foul Ball, location: 2F 3-2: Base on Balls Mathew Olson to second
|
Batting: LHB Rubén Salazar
|
0-0: Ball 1-0: Foul Ball, location: 2F 1-1: Ball 2-1: Foul Ball, location: 2F 2-2: Foul Ball, location: 2F 2-2: Fielders Choice at 2nd, 4-6 (Groundball, 4) Mathew Olson to third
|
Batting: RHB Juan Alvarado
|
0-0: Called Strike 0-1: Ball 1-1: Ball 2-1: Grounds into double play, 5-4-3 (Groundball, 56)
|
Top of the 3rd over - 0 runs, 0 hits, 0 errors, 1 left on base; Saskatoon 0 - Eau Claire 2 |
BOTTOM OF THE 3RD |
Eau Claire Esquires batting - Pitching for Saskatoon Smokin' Guns : RHP Tomás Padilla
|
Batting: SHB José García
|
0-0: Ball 1-0: Swinging Strike 1-1: Ground out 4-3 (Groundball, 4)
|
Batting: RHB Luis Cherena
|
0-0: Called Strike 0-1: Ball 1-1: Hit by Pitch
|
Batting: LHB Paul Lee
|
0-0: Fly out, F8 (Flyball, 78M)
|
Batting: LHB Steve Arnold
|
0-0: Called Strike 0-1: Ball 1-1: Ball Luis Cherena steals 2nd base 2-1: Foul Ball, location: 2F 2-2: Ball 3-2: Base on Balls
|
Batting: RHB Tom McBride
|
0-0: Ball 1-0: Called Strike 1-1: Ball 2-1: Foul Ball, location: 2F 2-2: Ball 3-2: Foul Ball, location: 2F 3-2: Strikes out looking
|
Bottom of the 3rd over - 0 runs, 0 hits, 0 errors, 2 left on base; Saskatoon 0 - Eau Claire 2 |
TOP OF THE 4TH |
Saskatoon Smokin' Guns batting - Pitching for Eau Claire Esquires : RHP Tim Horton
|
Batting: LHB José Domínguez
|
0-0: Foul Ball, location: 2F 0-1: Ball 1-1: Fly out, F9 (Flyball, 9)
|
Batting: RHB Lyle Johnston
|
0-0: Ball 1-0: Foul Ball, location: 2F 1-1: Called Strike 1-2: SINGLE (Groundball, 6MD)
|
Batting: RHB Luis Suárez
|
0-0: Called Strike 0-1: Ball 1-1: Foul Ball, location: 2F 1-2: Ball 2-2: Strikes out looking
|
Batting: RHB Mike Ratzlaff
|
0-0: Called Strike 0-1: Ground out 5-3 (Groundball, 25)
|
Top of the 4th over - 0 runs, 1 hit, 0 errors, 1 left on base; Saskatoon 0 - Eau Claire 2 |
BOTTOM OF THE 4TH |
Eau Claire Esquires batting - Pitching for Saskatoon Smokin' Guns : RHP Tomás Padilla
|
Batting: SHB Darren Ramsey
|
0-0: SINGLE (Groundball, 34D)
|
Batting: RHB Glen French
|
0-0: Ball 1-0: Ball 2-0: Ball 3-0: Base on Balls Darren Ramsey to second
|
Batting: RHB Silas Small
|
0-0: Called Strike 0-1: Grounds into double play, 6-4-3 (Groundball, 6) Darren Ramsey to third
|
Batting: RHB Júlio Pinto
|
0-0: Called Strike 0-1: Ball 1-1: Swinging Strike 1-2: Ball 2-2: Strikes out looking
|
Bottom of the 4th over - 0 runs, 1 hit, 0 errors, 1 left on base; Saskatoon 0 - Eau Claire 2 |
TOP OF THE 5TH |
Saskatoon Smokin' Guns batting - Pitching for Eau Claire Esquires : RHP Tim Horton
|
Batting: RHB Artie Turner
|
0-0: Ball 1-0: Called Strike 1-1: Foul Ball, location: 2F 1-2: Hit by Pitch
|
Batting: SHB Mathew Olson
|
0-0: Ball 1-0: Ball 2-0: Foul Ball, location: 2F 2-1: Foul Ball, location: 2F 2-2: Strikes out swinging
|
Batting: RHB Júlio Durán
|
0-0: Called Strike 0-1: Fielders Choice at 2nd, 6-4 (Groundball, 6)
|
Batting: LHB Rubén Salazar
|
0-0: Ball Júlio Durán is caught stealing 2nd base
|
Top of the 5th over - 0 runs, 0 hits, 0 errors, 0 left on base; Saskatoon 0 - Eau Claire 2 |
BOTTOM OF THE 5TH |
Eau Claire Esquires batting - Pitching for Saskatoon Smokin' Guns : RHP Tomás Padilla
|
Batting: SHB José García
|
0-0: Foul Ball, location: 2F 0-1: Ball 1-1: SINGLE (Line Drive, 7LS)
|
Batting: RHB Luis Cherena
|
0-0: Ball 1-0: Foul Ball, location: 2F 1-1: Ball 2-1: Foul Ball, location: 2F 2-2: Ball 3-2: Base on Balls José García to second
|
Batting: LHB Paul Lee
|
0-0: Ball 1-0: Ball 2-0: Ball 3-0: Called Strike 3-1: Foul Ball, location: 2F 3-2: Base on Balls José García to third Luis Cherena to second
|
Batting: LHB Steve Arnold
|
0-0: Called Strike 0-1: Ball 1-1: Called Strike 1-2: Strikes out looking
|
Batting: RHB Tom McBride
|
0-0: Called Strike 0-1: Swinging Strike 0-2: Foul Ball, location: 2F 0-2: Ball 1-2: Strikes out swinging
|
Batting: SHB Darren Ramsey
|
0-0: Ground out U3 (Groundball, 3)
|
Bottom of the 5th over - 0 runs, 1 hit, 0 errors, 3 left on base; Saskatoon 0 - Eau Claire 2 |
TOP OF THE 6TH |
Saskatoon Smokin' Guns batting - Pitching for Eau Claire Esquires : RHP Tim Horton
|
Batting: LHB Rubén Salazar
|
0-0: Ball 1-0: Ground out 4-3 (Groundball, 34)
|
Batting: RHB Juan Alvarado
|
0-0: Ball 1-0: Called Strike 1-1: Ball 2-1: SINGLE (Groundball, 4D)
|
Batting: LHB José Domínguez
|
0-0: Ball 1-0: Swinging Strike 1-1: Swinging Strike 1-2: Ball 2-2: Ball Juan Alvarado steals 2nd base 3-2: DOUBLE (Line Drive, 89D) Juan Alvarado scores
|
Batting: RHB Lyle Johnston
|
0-0: Ball 1-0: Called Strike 1-1: Ball 2-1: Swinging Strike 2-2: Strikes out looking
|
Batting: RHB Luis Suárez
|
0-0: Ball 1-0: Foul Ball, location: 2F 1-1: Called Strike 1-2: Strikes out swinging
|
Top of the 6th over - 1 run, 2 hits, 0 errors, 1 left on base; Saskatoon 1 - Eau Claire 2 |
BOTTOM OF THE 6TH |
Eau Claire Esquires batting - Pitching for Saskatoon Smokin' Guns : RHP Tomás Padilla
|
Pitching: LHP Jorge Gatán
|
|
Batting: RHB Glen French
|
0-0: Ball 1-0: Fly out, F6 (Flyball, 6D)
|
Batting: RHB Silas Small
|
0-0: Ball 1-0: Called Strike 1-1: Called Strike 1-2: Ball 2-2: Ball 3-2: Strikes out swinging
|
Batting: RHB Júlio Pinto
|
0-0: Ball 1-0: Ball 2-0: Called Strike 2-1: Called Strike 2-2: Ball 3-2: Hit by Pitch
|
Batting: SHB José García
|
0-0: Ball 1-0: Foul Ball, location: 2F 1-1: Foul Ball, location: 2F 1-2: Strikes out swinging
|
Bottom of the 6th over - 0 runs, 0 hits, 0 errors, 1 left on base; Saskatoon 1 - Eau Claire 2 |
TOP OF THE 7TH |
Saskatoon Smokin' Guns batting - Pitching for Eau Claire Esquires : RHP Tim Horton
|
Pitching: RHP Víctor Martínez
|
|
Batting: RHB Mike Ratzlaff
|
0-0: Called Strike 0-1: Reached on error, E5 (Groundball, 56)
|
Batting: RHB Artie Turner
|
0-0: Foul Ball, location: 2F 0-1: Ball Wild Pitch! Mike Ratzlaff to second 1-1: Ball 2-1: Fly out, F7 (Flyball, 78S)
|
Pinch Hitting: LHB Ben Donaldson
|
0-0: Ball 1-0: Foul Ball, location: 2F 1-1: Foul Ball, location: 2F 1-2: Ball 2-2: Strikes out swinging
|
Pinch Hitting: LHB Jim Hall
|
0-0: Called Strike 0-1: SINGLE (Line Drive, 89S) Mike Ratzlaff to third Runner from 3rd tries for Home, SAFE, throw made home
|
Pitching: LHP Arturo Vega
|
|
Batting: LHB Rubén Salazar
|
0-0: Ball 1-0: Ball 2-0: Called Strike 2-1: Swinging Strike 2-2: Ball Throwing error on steal attempt, E2 Jim Hall to third 3-2: Strikes out looking
|
Top of the 7th over - 1 run, 1 hit, 2 errors, 1 left on base; Saskatoon 2 - Eau Claire 2 |
BOTTOM OF THE 7TH |
Eau Claire Esquires batting - Pitching for Saskatoon Smokin' Guns : LHP Jorge Gatán
|
Now at 3B: Pedro Rodríguez
|
|
Now in RF: Jim Hall
|
|
Batting: RHB Luis Cherena
|
0-0: Ball 1-0: Ground out 6-3 (Groundball, 6)
|
Pinch Hitting: RHB Eric Black
|
0-0: Fly out, F8 (Flyball, 8LD)
|
Batting: LHB Steve Arnold
|
0-0: Called Strike 0-1: Called Strike 0-2: Ball 1-2: Ball 2-2: Strikes out swinging
|
Bottom of the 7th over - 0 runs, 0 hits, 0 errors, 0 left on base; Saskatoon 2 - Eau Claire 2 |
TOP OF THE 8TH |
Saskatoon Smokin' Guns batting - Pitching for Eau Claire Esquires : LHP Arturo Vega
|
Pitching: LHP Raúl Rivas
|
|
Now at 3B: Eric Black
|
|
Batting: RHB Juan Alvarado
|
0-0: Swinging Strike 0-1: Swinging Strike 0-2: Ball 1-2: Strikes out swinging
|
Batting: LHB José Domínguez
|
0-0: Ball 1-0: DOUBLE (Line Drive, 78D)
|
Batting: RHB Lyle Johnston
|
0-0: Intentional Walk
|
Batting: RHB Luis Suárez
|
0-0: Hit by Pitch José Domínguez to third Lyle Johnston to second
|
Batting: RHB Mike Ratzlaff
|
0-0: Fly out, F7 (Flyball, 78S) Runner from 3rd tags up, SCORES, no throw
|
Batting: RHB Artie Turner
|
0-0: SINGLE (Flyball, 7LS) Lyle Johnston to third Luis Suárez to second Runner from 3rd tries for Home, SAFE, throw made home
|
Pitching: LHP Gabriel Acevedo
|
|
Pinch Hitting: RHB António Martínez
|
0-0: Foul Ball, location: 2F 0-1: Called Strike 0-2: Ball 1-2: Ball 2-2: Foul Ball, location: 2F 2-2: Ball 3-2: Strikes out swinging
|
Top of the 8th over - 2 runs, 2 hits, 0 errors, 2 left on base; Saskatoon 4 - Eau Claire 2 |
BOTTOM OF THE 8TH |
Eau Claire Esquires batting - Pitching for Saskatoon Smokin' Guns : LHP Jorge Gatán
|
Now at 3B: Rafael Martínez
|
|
Batting: RHB Tom McBride
|
0-0: Ball 1-0: Ball 2-0: Ball 3-0: Base on Balls
|
Batting: SHB Darren Ramsey
|
0-0: Ball 1-0: Called Strike 1-1: Foul Ball, location: 2F 1-2: Ball 2-2: Ball 3-2: Base on Balls Tom McBride to second
|
Pitching: RHP Ismael Ramírez
|
|
Batting: RHB Glen French
|
0-0: Called Strike 0-1: Ball 1-1: Ball 2-1: Ball 3-1: Ball Tom McBride to third Darren Ramsey to second
|
Pinch Hitting: LHB Will Rhodes
|
0-0: Ball 1-0: Foul Ball, location: 2F 1-1: Ball 2-1: Ball 3-1: Base on Balls Tom McBride scores Darren Ramsey to third Glen French to second
|
Pinch Hitting: RHB Julián Ramírez
|
0-0: Ball 1-0: Foul Ball, location: 2F 1-1: Called Strike 1-2: Ball 2-2: Strikes out swinging
|
Batting: SHB José García
|
0-0: Fly out, F8 (Flyball, 8RS) Runner from 3rd tags up, SCORES, no throw
|
Batting: RHB Luis Cherena
|
0-0: Ball 1-0: Called Strike 1-1: Ground out 1-3 (Groundball, P)
|
Bottom of the 8th over - 2 runs, 0 hits, 0 errors, 2 left on base; Saskatoon 4 - Eau Claire 4 |
TOP OF THE 9TH |
Saskatoon Smokin' Guns batting - Pitching for Eau Claire Esquires : LHP Gabriel Acevedo
|
Now at SS: Cipriano Salas
|
|
Now in LF: Will Rhodes
|
|
Pinch Hitting: RHB Joe Wiggs
|
0-0: Foul Ball, location: 2F 0-1: Swinging Strike 0-2: Foul Ball, location: 2F 0-2: Strikes out looking
|
Batting: LHB Rubén Salazar
|
0-0: Swinging Strike 0-1: Ball 1-1: Called Strike 1-2: Ball 2-2: Strikes out looking
|
Batting: RHB Juan Alvarado
|
0-0: Ball 1-0: Foul Ball, location: 2F 1-1: Ball 2-1: Swinging Strike 2-2: Ground out 4-3 (Groundball, 4)
|
Top of the 9th over - 0 runs, 0 hits, 0 errors, 0 left on base; Saskatoon 4 - Eau Claire 4 |
BOTTOM OF THE 9TH |
Eau Claire Esquires batting - Pitching for Saskatoon Smokin' Guns : RHP Ismael Ramírez
|
Now in CF: Rafael Gonzáles
|
|
Batting: RHB Eric Black
|
0-0: Ball 1-0: Ball 2-0: Called Strike 2-1: Ball 3-1: Base on Balls
|
Pinch Runner at 1st Tomás Rivera:
|
|
Batting: LHB Steve Arnold
|
0-0: Ball 1-0: Swinging Strike 1-1: Foul Ball, location: 2F 1-2: Fly out, F9 (Flyball, 89D)
|
Batting: RHB Tom McBride
|
0-0: Ball 1-0: Ball 2-0: Grounds into double play, 6-4-3 (Groundball, 6)
|
Bottom of the 9th over - 0 runs, 0 hits, 0 errors, 0 left on base; Saskatoon 4 - Eau Claire 4 |
TOP OF THE 10TH |
Saskatoon Smokin' Guns batting - Pitching for Eau Claire Esquires : LHP Gabriel Acevedo
|
Now at 3B: Tomás Rivera
|
|
Batting: LHB José Domínguez
|
0-0: Foul Ball, location: 2F 0-1: Swinging Strike 0-2: Ball 1-2: Strikes out swinging
|
Batting: RHB Lyle Johnston
|
0-0: Swinging Strike 0-1: Swinging Strike 0-2: Strikes out swinging
|
Batting: RHB Luis Suárez
|
0-0: Ball 1-0: Ball 2-0: Called Strike 2-1: Ground out 4-3 (Groundball, 34)
|
Top of the 10th over - 0 runs, 0 hits, 0 errors, 0 left on base; Saskatoon 4 - Eau Claire 4 |
BOTTOM OF THE 10TH |
Eau Claire Esquires batting - Pitching for Saskatoon Smokin' Guns : RHP Ismael Ramírez
|
Pitching: RHP Artie Smith
|
|
Batting: SHB Darren Ramsey
|
0-0: Foul Ball, location: 2F 0-1: Ball 1-1: Ball 2-1: Ground out 3-1 (Groundball, 34)
|
Batting: RHB Glen French
|
0-0: Ball 1-0: Ground out 6-3 (Groundball, 6MD)
|
Batting: LHB Will Rhodes
|
0-0: SINGLE (Groundball, 4D)
|
Batting: RHB Cipriano Salas
|
0-0: Ball 1-0: Ball 2-0: SINGLE (Line Drive, 56) Will Rhodes to second
|
Batting: SHB José García
|
0-0: SINGLE (Groundball, 34D) Will Rhodes to third Cipriano Salas to second Runner from 3rd tries for Home, SAFE, no throw
|
Saturday, April 7th, 2018 - OOTP Baseball 18.8 Build 76
|
|